 Dungeon Crawl Stone Soup version 0.29.1-12-g30fa7ad0bf (webtiles) character file.

Game seed: 13789059562056766019

213 MisterFreud the Covert (level 5, -6/43 HPs)
             Began as a Gnoll Brigand on Dec 27, 2022.
             Mangled by a black bear (8 damage)
             ... on level 4 of the Dungeon.
             The game lasted 00:03:30 (2744 turns).

MisterFreud the Covert (Gnoll Brigand)              Turns: 2744, Time: 00:03:31

Health: -6/43      AC:  4    Str: 14    XL:     5   Next: 90%
Magic:  7/7        EV: 14    Int:  7    God:
Gold:   146        SH:  0    Dex: 22    Spells: 7/7 levels left

rFire   . . .      SeeInvis +   o - +2 whip (elec)
rCold   . . .      Faith    .   (no shield)
rNeg    . . .      Spirit   .   b - +0 robe
rPois   .          Reflect  .   s - +0 hat of Sloth {Str+3 Int-5 Dex+9}
rElec   .          Harm     .   j - +1 cloak
rCorr   .          Rampage  .   (no gloves)
Will    .....                   (no boots)
Stlth   ++++......              (no amulet)
HPRegen 0.14/turn               x - ring of see invisible
MPRegen 0.10/turn               (no ring)

@: no status effects
A: fangs 1, strong nose, distributed training
a: no special abilities


You were on level 4 of the Dungeon.
You visited 1 branch of the dungeon, and saw 4 of its levels.

You collected 146 gold pieces.

Inventory:

Hand Weapons
 a - a +2 dagger of flaming
 o - a +2 whip of electrocution (weapon)
 r - a +1 dagger of holy wrath
Missiles
 d - 18 poisoned darts (quivered)
 e - 3 curare-tipped darts
Armour
 b - a +0 robe (worn)
 c - a +0 cloak
 j - a +1 cloak (worn)
 s - the +0 hat of Sloth (worn) {Str+3 Int-5 Dex+9}
   (You found it on level 4 of the Dungeon)

   Str:       It affects your strength (+3).
   Int:       It affects your intelligence (-5).
   Dex:       It affects your dexterity (+9).
Jewellery
 x - a ring of see invisible (left hand)
Scrolls
 f - a scroll of blinking
 h - a scroll of immolation {unknown}
 i - a scroll of silence
 l - 2 scrolls of butterflies
 p - a scroll of vulnerability {unknown}
 u - a scroll of identify
Potions
 g - a potion of heal wounds
 k - a potion of flight {unknown}
 m - 2 potions of curing
 n - 2 potions of lignification {unknown}
 q - 2 potions of cancellation {unknown}
 t - a potion of magic {unknown}
 z - a potion of invisibility {unknown}


   Skills:
 + Level 4.9 Fighting
 + Level 4.9 Short Blades
 + Level 1.8 Long Blades
 + Level 1.8 Axes
 + Level 1.8 Maces & Flails
 + Level 1.8 Polearms
 + Level 1.8 Staves
 + Level 1.8 Ranged Weapons
 + Level 4.9 Throwing
 + Level 1.8 Armour
 + Level 3.1 Dodging
 + Level 8.0 Stealth
 + Level 1.8 Shields
 + Level 1.8 Unarmed Combat
 + Level 1.8 Spellcasting
 + Level 1.4 Conjurations
 + Level 1.4 Hexes
 + Level 1.4 Summonings
 + Level 1.4 Necromancy
 + Level 1.4 Translocations
 + Level 1.4 Transmutations
 + Level 1.4 Fire Magic
 + Level 1.4 Ice Magic
 + Level 1.4 Air Magic
 + Level 1.4 Earth Magic
 + Level 1.4 Poison Magic
 + Level 2.0 Invocations
 + Level 1.8 Evocations


You had 7 spell levels left.
You didn't know any spells.
Your spell library contained the following spells:

 Spells                   Type           Power      Damage    Failure   Level
 Ensorcelled Hibernation  Hex/Ice        4%         N/A       32%         2
 Passwall                 Tmut/Erth      1%         N/A       32%         2
 Ozocubu's Armour         Ice            2%         N/A       54%         3
 Swiftness                Air            2%         N/A       54%         3
 Ozocubu's Refrigeration  Ice            1%         4d7       100%        7


Dungeon Overview and Level Annotations

Branches:
Dungeon (4/15)
 Temple: D:4-7

Altars:
Vehumet
Wu Jian
Yredelemnul

Shops:
D:1 [(**   D:2 ((

Annotations:
D:3 3 runed translucent doors, diceflayer's ghost, amateur DsHu


Innate Abilities, Weirdness & Mutations

You have very sharp teeth.
Your uncanny sense of smell can sniff out nearby items.
Your experience applies equally to all skills.


Message History

* * * LOW HITPOINT WARNING * * *
The black bear claws you.
* * * LOW HITPOINT WARNING * * *
The black bear barely misses you.
Okay, then.
Unknown command.
You feel much better. The black bear barely misses you.
The black bear claws you. x2
You barely miss the black bear. You punch the black bear.
Your bite misses the black bear.
The black bear is heavily wounded.
The black bear bites you but does no damage.
The black bear claws you. x2
You closely miss the black bear.
The black bear is heavily wounded.
The black bear bites you!
* * * LOW HITPOINT WARNING * * *
The black bear closely misses you. The black bear barely misses you.
You hit the black bear.
The black bear is severely wounded.
The black bear bites you.
* * * LOW HITPOINT WARNING * * *
The black bear claws you.
* * * LOW HITPOINT WARNING * * *
The black bear completely misses you.
You hit the black bear.
The black bear is severely wounded.
The black bear bites you but does no damage.
The black bear closely misses you. The black bear claws you.
* * * LOW HITPOINT WARNING * * *
You hit the black bear.
The black bear is almost dead.
The black bear goes berserk!
Unknown command.
You completely miss the black bear.
The black bear is almost dead.
The black bear barely misses you. The black bear closely misses you.
The black bear claws you but does no damage.
The black bear bites you!
You die...

#.# ##..# #.# #..# #.# #.##
#.# #.# . #.#######.# ..
#.##......# ... #.##..#####
#S...B
#.###..##############......
#............@h......>B.$#
#.####.########..........#
### #.#....###..........#
#...................#
###....###..........#
###### #<.........#
#..........# ############


You could see a black bear (berserk).

Vanquished Creatures
  A phantom (D:4)
  Natasha (twice) (D:2)
  An orc wizard (D:3)
  An adder (D:4)
  A dart slug (D:3)
  4 orcs (D:3)
  6 endoplasms
  5 giant cockroaches
  4 hobgoblins
  3 jackals (D:3)
  3 quokkas
  6 ball pythons
  3 bats
  4 goblins
  A jackal zombie (D:3)
  5 kobolds
  2 rats
52 creatures vanquished.

Notes
Turn   | Place    | Note
-------+----------+-------------------------------------------
     0 | D:1      | MisterFreud the Gnoll Brigand began the quest for the Orb.
     0 | D:1      | Reached XP level 1. HP: 20/20 MP: 1/1
   136 | D:1      | Found Zenuhij's General Store.
   168 | D:1      | Reached XP level 2. HP: 26/26 MP: 2/2
   179 | D:1      | Found Vest's Armour Shoppe.
   247 | D:1      | Found Mowedwosm's Assorted Antiques.
   266 | D:1      | Found Gyaloiluyts's Weapon Shoppe.
   485 | D:2      | You fall into a shaft and drop 2 floors!
   523 | D:4      | Identified the +0 hat of Sloth {Str+3 Int-5 Dex+9}
   609 | D:3      | Found a runed translucent door.
   637 | D:3      | Noticed diceflayer's ghost (amateur DsHu)
   651 | D:3      | Reached XP level 3. HP: 31/31 MP: 3/3
   699 | D:3      | Reached skill level 1 in Long Blades
   699 | D:3      | Reached skill level 1 in Axes
   699 | D:3      | Reached skill level 1 in Maces & Flails
   699 | D:3      | Reached skill level 1 in Polearms
   699 | D:3      | Reached skill level 1 in Staves
   699 | D:3      | Reached skill level 1 in Ranged Weapons
   699 | D:3      | Reached skill level 1 in Armour
   699 | D:3      | Reached skill level 1 in Shields
   699 | D:3      | Reached skill level 1 in Unarmed Combat
   699 | D:3      | Reached skill level 1 in Spellcasting
   699 | D:3      | Reached skill level 1 in Invocations
   699 | D:3      | Reached skill level 1 in Evocations
   837 | D:3      | Found a faded altar of an unknown god.
   904 | D:3      | Reached XP level 4. HP: 38/38 MP: 5/5
  1007 | D:3      | Found a radiant altar of Vehumet.
  1097 | D:2      | Found Liemiq's Weapon Shop.
  1272 | D:2      | Found Rireg's Weapon Shoppe.
  1529 | D:2      | Noticed Natasha
  1540 | D:2      | Killed Natasha
  1541 | D:2      | Reached skill level 1 in Conjurations
  1541 | D:2      | Reached skill level 1 in Hexes
  1541 | D:2      | Reached skill level 1 in Summonings
  1541 | D:2      | Reached skill level 1 in Necromancy
  1541 | D:2      | Reached skill level 1 in Translocations
  1541 | D:2      | Reached skill level 1 in Transmutations
  1541 | D:2      | Reached skill level 1 in Fire Magic
  1541 | D:2      | Reached skill level 1 in Ice Magic
  1541 | D:2      | Reached skill level 1 in Air Magic
  1541 | D:2      | Reached skill level 1 in Earth Magic
  1541 | D:2      | Reached skill level 1 in Poison Magic
  1935 | D:2      | Noticed Natasha
  1942 | D:2      | Killed Natasha
  1943 | D:2      | Reached XP level 5. HP: 37/43 MP: 5/7
  2009 | D:3      | Identified the +11 rapier of Contradiction {holy, Fly}
  2095 | D:3      | Found a runed translucent door.
  2095 | D:3      | Noticed a human
  2097 | D:3      | Found a runed translucent door.
  2103 | D:3      | Found a basalt altar of Yredelemnul.
  2277 | D:3      | Found an ornate altar of the Wu Jian Council.
  2706 | D:4      | Noticed a phantom
  2707 | D:4      | Noticed a black bear
  2722 | D:4      | Killed a phantom
  2723 | D:4      | Reached skill level 8 in Stealth
  2737 | D:4      | HP: 2/43 [black bear (3)]
  2742 | D:4      | HP: 1/43 [black bear (3)]
  2744 | D:4      | Mangled by a black bear

Illustrated notes

Levels and vault maps discovered:
D:1:      heliophobic_arrival_enchanted_forest, layout_rooms, serial_shops,
          nicolae_shop_hallway_plus, nicolae_shop_stone, shop, shop
D:2:      layout_loops_corners, serial_shops, nicolae_shop_behind_doors,
          nicolae_shop_bloodbath_and_beyond, minmay_misc_feat_hallway,
          kennysheep_nondescript, uniq_natasha
D:3:      layout_basic, dk_yredelemnul_ordeal, pdpol_wu_jian_five_deadly_venoms,
          mainiacjoe_overflow_small_starburst, ebering_ghost_sewer_f,
          hellmonk_ecumenical_altar_crossroads, chequers_serial_rivers_micro_e
D:4:      layout_rooms

Skill      XL: |  1  2  3  4  5 |
---------------+----------------+-----
Long Blades    | 1 |  1.8
Axes           | 1 |  1.8
Maces & Flails | 1 |  1.8
Polearms       | 1 |  1.8
Staves         | 1 |  1.8
Ranged Weapons | 1 |  1.8
Armour         | 1 |  1.8
Shields        | 1 |  1.8
Unarmed Combat | 1 |  1.8
Spellcasting   | 1 |  1.8
Invocations    | 1 2 |  2.0
Evocations     | 1 |  1.8
Conjurations   | 1 |  1.4
Hexes          | 1 |  1.4
Summonings     | 1 |  1.4
Necromancy     | 1 |  1.4
Translocations | 1 |  1.4
Transmutations | 1 |  1.4
Fire Magic     | 1 |  1.4
Ice Magic      | 1 |  1.4
Air Magic      | 1 |  1.4
Earth Magic    | 1 |  1.4
Poison Magic   | 1 |  1.4
Dodging        | 3 |  3.1
Stealth        | 8 |  8.0
Fighting       | |  4.9
Short Blades   | |  4.9
Throwing       | |  4.9

Action                   |  1- 3 |  4- 6 || total
-------------------------+-------+-------++-------
Melee: Dagger            |    71 |    37 ||   108
       Bite              |     1 |     6 ||     7
       Whip              |       |    29 ||    29
       Punch             |       |     1 ||     1
  Use: Potion            |     1 |     1 ||     2
       Scroll            |       |     9 ||     9
 Stab: Sleeping          |    11 |    11 ||    22
       Distracted        |       |     1 ||     1
Armor: Robe              |    13 |    10 ||    23
Dodge: Dodged            |    51 |    43 ||    94
